 Dungeon Crawl Stone Soup version 0.30.1-3-gfc49f6343a (webtiles) character file.

Game seed: 12298103544035075499

4326 javelincjr the Fighter (level 10, 0/83 HPs)
             Began as a Demonspawn Fighter on July 21, 2023.
             Was a Believer of Okawaru.
             Splashed by a jelly's acid (7 damage)
             ... on level 9 of the Dungeon.
             The game lasted 00:33:18 (9575 turns).

javelincjr the Fighter (Demonspawn Fighter)         Turns: 9575, Time: 00:33:19

Health: 0/83       AC: -10   Str: 20    XL:     10   Next: 11%
Magic:  9/10       EV: 13    Int:  9    God:    Okawaru [**....]
Gold:   133        SH:  6    Dex: 18    Spells: 9/9 levels left

rFire   + . .        Q - +4 hand axe (vamp)
rCold   . . .        c - +0 buckler
rNeg    + . .        u - +0 chain mail
rPois   .            q - +0 helmet
rElec   .            (no cloak)
rCorr   .            l - +0 pair of gloves
SInv    +            (no boots)
Will    .....        (no amulet)
Stlth   +            T - ring "Umytega" {Fly rF+ rN+}
HPRegen 0.33/turn    S - ring of see invisible
MPRegen 0.12/turn

%: no passive effects
@: agile, corroded, flying, hasted, studying Transmutations, very quick
A: thin skeletal structure 2, ignite blood 2, powered by pain 2, weakness
stinger 1
a: Renounce Religion, Heroism


You were on level 9 of the Dungeon.
You worshipped Okawaru.
Okawaru was pleased with you.
You visited 2 branches of the dungeon, and saw 10 of its levels.
You also visited: Ossuary.

You collected 561 gold pieces.
You spent 428 gold pieces at shops.

Inventory:

Hand Weapons
 a - a +0 war axe
 o - a +0 battleaxe
 E - a +2 rapier of venom
 F - a +3 whip of distortion
 G - a +1 short sword of distortion
 P - a +3 short sword of freezing
 Q - a +4 vampiric hand axe (weapon)
 U - a +4 scimitar of flaming
Missiles
 j - 40 poisoned darts (quivered)
 C - 2 boomerangs of dispersal
 H - 4 curare-tipped darts
Armour
 c - a +0 buckler (worn)
 l - a +0 pair of gloves (worn)
 q - a +0 helmet (worn)
 u - a +0 chain mail (worn)
 A - a +0 plate armour
Magical Staves
 h - a staff of conjuration
Jewellery
 e - a ring of willpower
 O - a +6 ring of intelligence
 S - a ring of see invisible (right hand)
 T - the ring "Umytega" (left hand) {Fly rF+ rN+}
   (You bought it in a shop on level 9 of the Dungeon)

   [ring of flight]

   rF:        It protects you from fire.
   rN:        It protects you from negative energy.
   Fly:       It grants you flight.
Wands
 v - a wand of digging (7)
 B - a wand of flame (25)
 D - a wand of iceblast (7)
 M - a wand of mindburst (17)
 N - a wand of paralysis (4)
 W - a wand of light (6)
Scrolls
 g - 3 scrolls of blinking {unknown}
 i - 5 scrolls of teleportation
 m - 4 scrolls of identify
 p - 2 scrolls of poison {unknown}
 r - 3 scrolls of vulnerability {unknown}
 s - 2 scrolls of noise
 y - 2 scrolls of fog
 J - 2 scrolls of brand weapon {unknown}
 K - 2 scrolls of amnesia {unknown}
 L - a scroll of enchant armour {unknown}
 V - a scroll of butterflies {unknown}
Potions
 b - 4 potions of attraction {unknown}
 d - 4 potions of might
 f - 2 potions of lignification
 k - 3 potions of magic
 n - a potion of heal wounds
 t - 4 potions of berserk rage
 w - a potion of flight {unknown}
 x - 2 potions of resistance
 z - 2 potions of brilliance {unknown}
 I - a potion of mutation {unknown}


   Skills:
 * Level 9.0 Fighting
 - Level 3.6 Short Blades
 + Level 4.2 Axes
 * Level 8.3 Armour
 + Level 0.6 Dodging
 + Level 6.0 Shields


You had 9 spell levels left.
You didn't know any spells.
Your spell library contained the following spells:

 Spells                   Type           Power      Damage    Failure   Level
 Beastly Appendage        Tmut           0%         N/A       96%         1
 Foxfire                  Conj/Fire      0%         2x1d4     96%         1
 Magic Dart               Conj           0%         1d3       96%         1
 Sandblast                Erth           0%         2d4       96%         1
 Passwall                 Tmut/Erth      0%         N/A       99%         2
 Wereblood                Tmut           0%         N/A       99%         2
 Mephitic Cloud           Conj/Pois/Air  0%         N/A       100%        3
 Spider Form              Tmut/Pois      0%         N/A       100%        3
 Stone Arrow              Conj/Erth      0%         3d7       100%        3
 Fireball                 Conj/Fire      0%         3d3       100%        5
 Conjure Ball Lightning   Conj/Air       0%         3x3d6     100%        6
 Plasma Beam              Fire/Air       0%         2x1d11    100%        6
 Starburst                Conj/Fire      0%         6d3       100%        6
 Discord                  Hex            0%         N/A       100%        8
 Disjunction              Tloc           0%         N/A       100%        8
 Call Imp                 Summ           Unusable   N/A       N/A         2

Dungeon Overview and Level Annotations

Branches:
Dungeon (9/15)             Temple (1/1) D:6         Ossuary (visited)
   Lair: D:8-11         Orc: D:9-12

Altars:
Ashenzari
Cheibriados
Dithmenos
Gozag
Hepliaklqana
Kikubaaqudgha
Makhleb
Nemelex Xobeh
Okawaru
Ru
Sif Muna
Trog
Uskayaw
Vehumet
Wu Jian
Xom
Yredelemnul

Shops:
D:7 (   D:9 =


Innate Abilities, Weirdness & Mutations

You have a moderately thin skeletal structure. (Dex +4, Stealth++)
Your demonic aura often causes spilled blood to erupt in flames.
You sometimes gain power by taking damage.
You have a small tail.


Message History

Your base Fighting skill increases to level 9!
You completely miss the jelly. You tail-slap the jelly.
You kill the jelly!
Okawaru accepts your kill.
You slash the jelly!
You feel better.
Your hands burn!
* * * LOW HITPOINT WARNING * * *
The jelly is heavily wounded.
The endoplasm is engulfed in blazing flames.
You kill the endoplasm!
Okawaru accepts your kill. The jelly closely misses you.
You hit the jelly. The acid corrodes you!
Your hands burn!
* * * LOW HITPOINT WARNING * * *
You tail-slap the jelly, but do no damage.
The jelly is severely wounded.
You hit the jelly.
You feel better. The acid corrodes you!
Your hands burn!
* * * LOW HITPOINT WARNING * * *
The jelly is severely wounded.
The jelly barely misses you.
You hit the jelly but do no damage. The acid corrodes you!
Your hands burn!
* * * LOW HITPOINT WARNING * * *
The jelly is severely wounded.
You block the jelly's attack.
Aiming: Iceblast
Press: ? - help, Q - select action, (/) - cycle Shift-Dir - straight line, f - jelly
Aim: a jelly (almost dead) That beam is likely to hit you.
Continue anyway?
Okay, then.
The endoplasm jiggles.
The jelly attacks as you move away! The jelly barely misses you.
You feel like a meek peon again. The jelly attacks as you move away!
The jelly closely misses you. The jelly attacks as you move away!
The jelly hits you.
* * * LOW HITPOINT WARNING * * *
You are splashed with acid!
* * * LOW HITPOINT WARNING * * *
You feel yourself speed up. The jelly hits you.
* * * LOW HITPOINT WARNING * * *
You are splashed with acid!
You die...

### ##..J## ....JJJ####
...JJJJ'J.# ....J.J##J#
##..J## #.# ### ##.#
####.J##################
#.....J@................
#..................#####
#.#######..#######.#
#.##.............#.#
#.##.#.#.#.#.#.#.#.#
#.##...............#
#.###.#.#.#.#.#.#..#
#....................
#.########.......#####


You could see 2 jellies.

Vanquished Creatures
  Erica (D:9)
  Grinder (D:4)
  A slime creature (D:9)
  A wyvern (D:9)
  Menkaure (D:4)
  A steam dragon (D:7)
  2 water moccasins (D:5)
  An orc warrior (D:9)
  A sky beast (D:7)
  3 black bears
  The ghost of dornbeast the Ducker, an amateur GnGl (D:5)
  A phantom (D:6)
  A centaur (D:8)
  2 elf zombies (Ossuary)
  A kobold brigand (D:5)
  A bullfrog (D:7)
  A gnoll sergeant (D:7)
  3 scorpions
  3 wights
  5 killer bees (D:7)
  A howler monkey (D:7)
  3 centaur zombies (Ossuary)
  A human zombie (Ossuary)
  2 hounds
  4 orc priests
  4 jellies
  A gnoll bouda (D:3)
  4 iguanas (D:5)
  5 sleepcaps
  5 orc wizards
  Ijyb (D:4)
  2 mummies (Ossuary)
  8 gnolls
  9 adders
  2 shadow imps
  A white imp (D:7)
  An adder zombie (Ossuary)
  2 worms (D:2)
  3 dart slugs
  9 orcs
  8 ball pythons
  11 endoplasms
  3 giant cockroaches
  11 goblins
  6 hobgoblins
  7 jackals
  16 kobolds
  2 quokkas
  5 bats
  4 frilled lizards
  A goblin zombie (Ossuary)
  11 hobgoblin zombies (Ossuary)
  A jackal zombie (Ossuary)
  10 kobold zombies (Ossuary)
  6 orc zombies (Ossuary)
  8 rats
  A rat zombie (Ossuary)
211 creatures vanquished.

Notes
Turn   | Place    | Note
-------+----------+-------------------------------------------
     0 | D:1      | javelincjr the Demonspawn Fighter began the quest for the
                  | Orb.
     0 | D:1      | Reached XP level 1. HP: 18/18 MP: 1/1
   258 | D:1      | Gained mutation: You have a small tail. [demonic ancestry]
   258 | D:1      | Reached XP level 2. HP: 24/24 MP: 2/2
   669 | D:1      | Gained mutation: You have a somewhat thin skeletal
                  | structure. (Dex +2, Stealth+) [demonic ancestry]
   669 | D:1      | Reached XP level 3. HP: 29/29 MP: 3/3
  1083 | D:2      | Found a snail-covered altar of Cheibriados.
  1094 | D:2      | Gained mutation: Your demonic aura sometimes causes spilled
                  | blood to erupt in flames. [demonic ancestry]
  1094 | D:2      | Reached XP level 4. HP: 33/37 MP: 4/4
  1341 | D:2      | Reached skill level 4 in Fighting
  1341 | D:2      | Reached XP level 5. HP: 35/42 MP: 5/5
  2387 | D:4      | Found an opulent altar of Gozag.
  2472 | D:4      | Noticed Ijyb
  2477 | D:4      | Killed Ijyb
  2539 | D:3      | Gained mutation: You sometimes gain a little power by
                  | taking damage. [demonic ancestry]
  2539 | D:3      | Reached XP level 6. HP: 20/49 MP: 6/6
  2731 | D:4      | Noticed Grinder
  2746 | D:4      | Paralysed by Grinder for 4 turns
  2750 | D:4      | Killed Grinder
  2751 | D:4      | Reached skill level 5 in Fighting
  2861 | D:4      | Found a sparkling altar of Nemelex Xobeh.
  2994 | D:4      | Found a broken altar of Ashenzari.
  3089 | D:4      | Noticed Menkaure
  3110 | D:4      | Gained mutation: You have a moderately thin skeletal
                  | structure. (Dex +4, Stealth++) [demonic ancestry]
  3110 | D:4      | Reached XP level 7. HP: 56/56 MP: 7/7
  3129 | D:4      | Killed Menkaure
  3130 | D:4      | Reached skill level 5 in Armour
  3514 | D:5      | Entered Level 5 of the Dungeon
  3631 | D:5      | Found a runed translucent gate.
  3632 | D:5      | Found a runed translucent gate.
  3632 | D:5      | Noticed dornbeast's ghost (amateur GnGl)
  3787 | D:5      | Found a bloodstained altar of Trog.
  3879 | D:5      | Found a runed translucent gate.
  4161 | D:5      | Reached skill level 6 in Fighting
  4261 | D:5      | Found a sacrificial altar of Ru.
  4372 | D:5      | Gained mutation: You sometimes gain power by taking damage.
                  | [demonic ancestry]
  4372 | D:5      | Reached XP level 8. HP: 46/64 MP: 8/8
  4595 | D:5      | Found a basalt altar of Yredelemnul.
  4880 | D:5      | Killed dornbeast's ghost
  4892 | D:5      | HP: 2/97 [kobold/+3 whip of distortion (7)]
  5333 | D:6      | Found a sand-covered staircase.
  5342 | Ossuary  | Entered an ossuary
  5462 | Ossuary  | Reached skill level 1 in Short Blades
  5565 | Ossuary  | Reached skill level 7 in Fighting
  5775 | D:6      | Reached skill level 5 in Shields
  5900 | D:6      | Found a staircase to the Ecumenical Temple.
  5917 | Temple   | Entered the Ecumenical Temple
  5963 | Temple   | Became a worshipper of Warmaster Okawaru
  6555 | D:7      | Reached XP level 9. HP: 71/72 MP: 9/9
  7067 | D:7      | Reached skill level 8 in Fighting
  7437 | D:7      | Reached * piety under Okawaru
  7582 | D:7      | Found Tyom Kab's Weapon Boutique.
  8188 | D:8      | Found a snail-covered altar of Cheibriados.
  8188 | D:8      | Found an ornate altar of the Wu Jian Council.
  8794 | D:9      | Found Laidub's Jewellery Emporium.
  8801 | D:9      | Bought the ring "Umytega" {Fly rF+ rN+} for 428 gold pieces
  9016 | D:9      | Noticed Erica
  9214 | D:9      | Killed Erica
  9215 | D:9      | Gained mutation: Your demonic aura often causes spilled
                  | blood to erupt in flames. [demonic ancestry]
  9215 | D:9      | Reached XP level 10. HP: 82/82 MP: 10/10
  9224 | D:9      | Reached ** piety under Okawaru
  9564 | D:9      | Reached skill level 9 in Fighting
  9575 | D:9      | Splashed by a jelly's acid

Illustrated notes

Levels and vault maps discovered:
D:1:      tarquinn_simple_flora_water_b, layout_loops_ring,
          minmay_misc_feat_ornament, minmay_nonomino_d4
D:2:      layout_rooms, basic_altar
D:3:      layout_loops_ring, nicolae_eternal_life
D:4:      layout_gridville, nemelex_xobeh_ov_fountains_minmay,
          nicolae_gozag_cash_rules_everything_around_me, lemuel_crystal_altar,
          uniq_menkaure, uniq_ijyb, uniq_grinder
D:5:      layout_basic, nicolae_ru_path_of_blood, marbit_many_paths,
          mainiacjoe_overflow_surrounded_room, gammafunk_ghost_nasty_kobolds,
          minmay_misc_feat_x
D:6:      layout_cave_pods, minmay_temple_entry_arrows, enter_ossuary_1,
          reono_crystal_passage
D:7:      layout_rooms, serial_shops, shop
D:8:      layout_loops_corners, gammafunk_temple_overflow_statue
D:9:      lemuel_slime, layout_long_grid, serial_shops,
          nicolae_shop_tiny_real_fake_doors, shop, minmay_misc_feat_pillars,
          uniq_harold, uniq_erica
Temple:   nicolae_temple_hex_pool

Skill      XL: |  1  2  3  4  5  6  7  8  9 10 |
---------------+-------------------------------+-----
Axes           | 2 3 4 |  4.2
Armour         | 3 4 5 6 8 |  8.3
Shields        | 3 4 5 6 |  6.0
Fighting       | 4 5 6 7 8 9 |  9.0
Short Blades   | 2 3 |  3.6
Dodging        | |  0.6

Action                     |  1- 3 |  4- 6 |  7- 9 | 10-12 || total
---------------------------+-------+-------+-------+-------++-------
  Melee: War axe           |    92 |   125 |   225 |       ||   442
         Tailslap          |     9 |    21 |    66 |    12 ||   108
         Rapier            |       |       |   151 |       ||   151
         Hand axe          |       |       |    27 |    53 ||    80
  Throw: Dart              |     2 |     1 |     4 |       ||     7
 Invoke: Heroism           |       |       |       |     1 ||     1
    Use: Potion            |       |       |    10 |     1 ||    11
         Scroll            |       |       |     8 |     2 ||    10
   Stab: Sleeping          |       |     1 |       |       ||     1
 Armour: Scale mail        |    49 |    34 |       |       ||    83
         Chain mail        |       |    33 |   229 |    11 ||   273
         Plate armour      |       |       |    12 |       ||    12
         Skin              |       |       |    21 |       ||    21
  Dodge: Dodged            |    26 |    47 |   152 |    20 ||   245
  Block: Buckler           |    27 |    33 |   100 |    11 ||   171
